 Dungeon Crawl Stone Soup version 0.15-a0-2374-gaadabb3 (webtiles) character file.

76 Ololoev the Caller (level 4, -4/30 HPs)
             Began as a Mummy Summoner on Aug 1, 2014.
             Slain by an orc
             ... wielding a +0 mace
              (5 damage)
             ... on Level 2 of the Dungeon.
             The game lasted 00:10:53 (4598 turns).

Ololoev the Caller (Mummy Summoner)                 Turns: 4598, Time: 00:10:53

HP  -4/30        AC  3     Str 11      XL: 4   Next: 12%
MP   4/7         EV 12     Int 15      God:
Gold 91          SH  0     Dex 12      Spells:  3 memorised,  1 level left

rFire  . . .     SeeInvis .     f - -2 dagger (curse)
rCold  + . .     Clarity  .     a - +1 robe
rNeg   + + +     rCorr    .     (no shield)
rPois  +         rRot     +     (no helmet)
rElec  .         Spirit   .     (no cloak)
SustAb .         Warding  .     (no gloves)
rMut   .         Stasis   .     (no boots)
Gourm  .                        (no amulet)
MR     .....                    (no ring)
                                d - ring of protection from fire

@: constricted, not resistant to hostile enchantments, unstealthy
A: no food or potions, fire vulnerability, restore body, cold resistance 1,
negative energy resistance 3, poison resistance, torment resistance, unbreathing
a: no special abilities


You were on level 2 of the Dungeon.
You were not hungry.

You visited 1 branch of the dungeon, and saw 2 of its levels.

You collected 91 gold pieces.

Inventory:

Hand weapons
 c - a +0 dagger
 e - a +3 dagger of venom
 f - a cursed -2 dagger (weapon)
Armour
 a - a +1 robe (worn)
Scrolls
 g - 3 scrolls of identify
 h - a scroll of magic mapping {unknown}
Jewellery
 d - a ring of protection from fire (left hand)
Books
 b - a book of Callings

   Spells                             Type                      Level
   *Summon Small Mammal               Summoning                    1
   *Call Imp                          Summoning                    2
   *Call Canine Familiar              Summoning                    3
   Summon Guardian Golem              Hexes/Summoning              4
   Summon Lightning Spire             Summoning/Air                4
   Summon Ice Beast                   Ice/Summoning                4


   Skills:
 - Level 1.5 Dodging
 - Level 1.5 Stealth
 - Level 2.0 Spellcasting
 + Level 4.7 Summonings


You had one spell level left.
You knew the following spells:

 Your Spells              Type           Power        Failure   Level  Hunger
a - Summon Small Mammal   Summ           ###.         3%          1    N/A
b - Call Imp              Summ           ###.....     6%          2    N/A
c - Call Canine Familiar  Summ           ###.....     12%         3    N/A

Dungeon Overview and Level Annotations

Branches:
Dungeon (2/15)

Altars:
Ashenzari
Elyvilon
Zin
The Shining One


Innate Abilities, Weirdness & Mutations

You do not eat or drink.
Your flesh is vulnerable to fire.
Your flesh is cold resistant.
You are immune to negative energy.
Your system is resistant to poisons.
You are immune to unholy pain and torment.
You can survive without breathing.


Message History

The kobold hits your hound with a short sword.
The orc hits you with a mace.
* * * LOW HITPOINT WARNING * * *
Your hound bites the kobold but does no damage.
The ball python closely misses you. The ball python misses you.
The orc barely misses your hound.
The ball python bites you but does no damage.
The ball python closely misses you.
Your hound bites the kobold.
The ball python bites you but does no damage.
The ball python grabs you.
* * * LOW HITPOINT WARNING * * *
The ball python constricts you.
The kobold hits your hound with a short sword.
Your hound bites the kobold.
The kobold dies!
The orc misses your hound.
Your attempt to break free from the ball python fails, but you feel that another attempt might succeed.
The orc hits you with a mace.
You die...

#..%......>.. .....#
#(######## ......
#.#.)....##...##.
#(%ho.........##.
#########.####.#....##.
.........o..............
####.............#.....
###..So..######.###...
#....@................
#.#.###...........#...
.. #...............####
#...%...............
####...#.##........####
#⌠..#+##.⌠.........# #
#.........#........# #
##..(....#####.....####
#.......#...#.........


You could see 3 orcs, a ball python and a friendly hound.

Vanquished Creatures
  An orc (D:2)
  12 bats
  3 hobgoblins
  A jackal (D:1)
  A giant cockroach (D:2)
  3 giant newts
  2 goblins (D:1)
  5 kobolds
  4 rats
32 creatures vanquished.

Vanquished Creatures (collateral kills)
  5 adders (D:2)
  A worm (D:2)
  A giant gecko (D:1)
  2 bats (D:1)
  A goblin (D:1)
  2 hobgoblins
  2 kobolds
  A jackal (D:1)
  A rat (D:1)
16 creatures vanquished.

Vanquished Creatures (others)
  A crimson imp (D:2)
  4 bats (D:1)
  2 rats (D:1)
7 creatures vanquished.

Grand Total: 55 creatures vanquished

Notes
Turn   | Place    | Note
--------------------------------------------------------------
     0 | D:1      | Ololoev, the Mummy Summoner, began the quest for the Orb.
     0 | D:1      | Reached XP level 1. HP: 13/13 MP: 3/3
   948 | D:1      | Reached XP level 2. HP: 19/19 MP: 0/4
   989 | D:1      | Learned a level 2 spell: Call Imp
  2062 | D:1      | Reached skill level 4 in Summonings
  2958 | D:2      | Reached XP level 3. HP: 7/24 MP: 0/6
  3166 | D:2      | Learned a level 3 spell: Call Canine Familiar
  3501 | D:2      | Found a glowing silver altar of Zin.
  3501 | D:2      | Found a glowing golden altar of the Shining One.
  3502 | D:2      | Found a white marble altar of Elyvilon.
  4096 | D:2      | Found a shattered altar of Ashenzari.
  4121 | D:2      | Reached XP level 4. HP: 10/30 MP: 7/7
  4597 | D:2      | HP: 1/30 [ball python (1)]
  4598 | D:2      | Slain by an orc

Action                   |  1- 3 |  4- 6 || total
-------------------------+-------+-------++-------
Melee: Unarmed           |    76 |       ||    76
       Dagger            |   241 |    55 ||   296
 Cast: Summon Small Mamm |    18 |       ||    18
       Call Imp          |    12 |       ||    12
       Call Canine Famil |       |     1 ||     1
  Use: Scroll            |     4 |       ||     4
 Stab: Sleeping          |     3 |       ||     3
